 Dungeon Crawl Stone Soup version 0.29-a0-284-gf9362112df (webtiles) character file.

Game seed: 1357035381571010288

167 yunder69 the Poker (level 5, -2/47 HPs)
             Began as a Minotaur Berserker on Mar 26, 2022.
             Was a Believer of Trog.
             Succumbed to a kobold brigand's poison
             ... on level 3 of the Dungeon.
             The game lasted 00:04:16 (3183 turns).

yunder69 the Poker (Minotaur Berserker)             Turns: 3183, Time: 00:04:16

Health: -2/47      AC:  7    Str: 23    XL:     5   Next: 23%
Magic:  4/4        EV:  8    Int:  4    God:    Trog [**....]
Gold:   101        SH:  7    Dex: 10    Spells: 4/4 levels left

rFire   . . .      SeeInvis .   a - +0 spear
rCold   . . .      Faith    .   p - +0 kite shield
rNeg    . . .      Spirit   .   k - +0 scale mail
rPois   .          Reflect  .   (helmet restricted)
rElec   .          Harm     .   (no cloak)
rCorr   .          Rampage  .   o - +0 pair of gloves
Will    .....                   (no boots)
Stlth   ..........              (no amulet)
HPRegen 0.15/turn               (no ring)
MPRegen 0.09/turn               (no ring)

@: mighty, lethally poisoned (-2 -> -22), on berserk cooldown, hasted and slowed
A: horns 2, retaliatory headbutt
a: Renounce Religion, Berserk, Trog's Hand


You were on level 3 of the Dungeon.
You worshipped Trog.
Trog was pleased with you.
You visited 1 branch of the dungeon, and saw 3 of its levels.

You collected 101 gold pieces.

Inventory:

Hand Weapons
 a - a +0 spear (weapon)
 i - a +0 great mace
Missiles
 j - 5 javelins (quivered)
 q - 3 datura-tipped darts
Armour
 k - a +0 scale mail (worn)
 o - a +0 pair of gloves (worn)
 p - a +0 kite shield (worn)
Wands
 s - a wand of iceblast (14)
Scrolls
 b - a scroll of brand weapon {unknown}
 e - a scroll of enchant weapon {unknown}
 g - 2 scrolls of vulnerability {unknown}
 l - a scroll of teleportation {unknown}
 n - a scroll of enchant armour {unknown}
 t - a scroll of magic mapping {unknown}
Potions
 d - 2 potions of attraction {unknown}
 f - 2 potions of degeneration {unknown}
 h - 2 potions of curing {unknown}
 m - a potion of magic {unknown}


   Skills:
 + Level 4.4 Fighting
 + Level 6.2 Polearms
 - Level 2.4 Armour
 - Level 2.1 Dodging
 + Level 2.2 Shields


You had 4 spell levels left.
You didn't know any spells.
Your spell library was empty.

Dungeon Overview and Level Annotations

Branches:
Dungeon (3/15)

Altars:

Annotations:
D:3 gzilladon's ghost, amateur TrBe


Innate Abilities, Weirdness & Mutations

You have a pair of horns on your head.
You reflexively headbutt those who attack you in melee.


Message History

You barely miss the kobold. Your headbutt misses the kobold.
You feel very sick. You block the kobold's attack.
You hit the kobold.
The kobold is heavily wounded.
You feel sick.
The kobold hits you with a +0 short sword.
Gzilladon's ghost whispers, "There is no future for you."
You closely miss the kobold brigand.
You feel the effects of Trog's Hand fading.
You feel sick.
The kobold brigand hits you with a +3 whip of distortion!
Space warps horribly around you!
* * * LOW HITPOINT WARNING * * *
You hit the kobold brigand.
Your headbutt misses the kobold brigand.
The kobold brigand is lightly wounded.
You feel sick.
The kobold brigand hits you with a +3 whip of distortion.
* * * LOW HITPOINT WARNING * * *
You blink.
The kobold brigand throws a poisoned dart.
The poisoned dart hits you!
You are more poisoned.
It was a potion of might.
You feel very mighty all of a sudden.
You feel very sick.
The kobold brigand throws a poisoned dart.
The poisoned dart hits you!
You are lethally poisoned!
It was a potion of haste.
You feel yourself speed up.
* * * LOW HITPOINT WARNING * * *
You feel very sick.
The kobold brigand throws a poisoned dart.
You block the poisoned dart.
The kobold brigand throws a poisoned dart.
The poisoned dart hits you!
You are more poisoned.
Your skin stops crawling.
You feel less strong-willed.
You die...

#######
##.##.#...#.#....
#.##⌠.#.#.⌠#..##
#.##K#...#.###)#
##.###KK...####.#
##....##WK'##.##.#
#..#...KKK......#.
#.....###......##.
#.###..###.....##.
#@###..# #.....###
#......# #.....#
######.# ####### #
#.# # #.# #
####.#### #
#.......# #
#.##.##.# #
#.##.##.########


There were no monsters in sight!

Vanquished Creatures
  A black bear (D:3)
  2 adders (D:2)
  3 orcs (D:3)
  4 bats
  7 endoplasms
  3 giant cockroaches
  5 goblins
  6 jackals
  2 quokkas
  3 ball pythons
  3 frilled lizards
  7 kobolds
  4 rats
50 creatures vanquished.

Vanquished Creatures (others)
  8 demonic plants (D:2)
  5 fungi (D:2)
  4 plants (D:2)
  6 withered plants (D:2)
23 creatures vanquished.

Grand Total: 73 creatures vanquished

Notes
Turn   | Place    | Note
-------+----------+-------------------------------------------
     0 | D:1      | yunder69 the Minotaur Berserker began the quest for the
                  | Orb.
     0 | D:1      | Reached XP level 1. HP: 19/19 MP: 0/0
   217 | D:1      | Reached skill level 4 in Polearms
   322 | D:1      | Reached XP level 2. HP: 9/26 MP: 1/1
  1096 | D:2      | Reached skill level 5 in Polearms
  1575 | D:2      | Reached XP level 3. HP: 29/31 MP: 2/2
  1848 | D:2      | Found a faded altar of an unknown god.
  2483 | D:3      | Noticed a black bear
  2491 | D:3      | Killed a black bear
  2492 | D:3      | Reached skill level 6 in Polearms
  2492 | D:3      | Reached XP level 4. HP: 41/41 MP: 3/3
  2492 | D:3      | Reached XP level 5. HP: 47/47 MP: 4/4
  2574 | D:3      | Identified the +3 short sword of Uxeixile {vorpal, Int-4
                  | Dex+3 SInv}
  2724 | D:3      | Reached ** piety under Trog
  2838 | D:3      | Found a runed translucent gate.
  2838 | D:3      | Found a runed translucent gate.
  2838 | D:3      | Found a runed translucent gate.
  2838 | D:3      | Noticed gzilladon's ghost (amateur TrBe)
  3183 | D:3      | Succumbed to a kobold brigand's poison

Illustrated notes

Levels and vault maps discovered:
D:1:      tarquinn_simple_flora_water_b, layout_loops_ring
D:2:      layout_loops_corners, shapermc_ecumenical_altar_gd
D:3:      layout_loops_cross, gammafunk_ghost_nasty_kobolds

Skill      XL: |  1  2  3 |
---------------+----------+-----
Polearms       | 4 5 6 |  6.2
Fighting       | 4 |  4.4
Shields        | 2 |  2.2
Armour         | |  2.4
Dodging        | |  2.1

Action                   |  1- 3 |  4- 6 || total
-------------------------+-------+-------++-------
Melee: Spear             |    90 |    46 ||   136
       Headbutt          |     8 |     6 ||    14
Invok: Berserk           |     2 |     1 ||     3
       Trog's Hand       |       |     1 ||     1
  Use: Potion            |       |     2 ||     2
Armor: Animal skin       |     7 |       ||     7
       Scale mail        |    16 |     2 ||    18
Dodge: Dodged            |    24 |     5 ||    29
Block: Kite shield       |       |    18 ||    18

Table legend: (Time is in decaauts)
 A = Elapsed time spent in this place.
 B = Non-inter-level travel time spent in this place.
 C = Inter-level travel time spent in this place.
 D = Time resting spent in this place.
 E = Time spent auto-exploring this place.
 F = Levels seen in this place.
 G = Mean time per level.
                   A        B        C        D        E       F      G
               +--------+--------+--------+--------+--------+-----+--------+
         Total |   3194 |   2959 |    235 |    530 |   2078 |   3 | 1064.7 |
       Dungeon |   3194 |   2959 |    235 |    530 |   2078 |   3 | 1064.7 |
               +--------+--------+--------+--------+--------+-----+--------+

Top non-repeatable levels by time:
     D:2: 1390 daAuts
     D:1: 1082 daAuts
     D:3: 721 daAuts
